2457 views
Uploaded 2021-11-19 18:11:09
Game version 1.32.10
18:52 long 3on3 ladder game on (6)TimbermawHold
Saved by xzz
2457 views
Uploaded 2021-11-19 18:11:09
Game version 1.32.10
18:52 long 3on3 ladder game on (6)TimbermawHold


/ 1.3k
66 buildings @ 8.8k
/ 3.2k

| Wisp | 25 | 1500 | / | 0 |
| Archer | 35 | 4550 | / | 350 |
| Hippogryph | 6 | 960 | / | 120 |
| total: | 66 | 7010g | / | 470w |
| Ancient Protector | 2 | 270 | / | 160 |
| Altar of Elders | 1 | 180 | / | 50 |
| Moon Well | 6 | 1080 | / | 240 |
| Ancient of War | 2 | 300 | / | 120 |
| Hunter's Hall | 1 | 210 | / | 100 |
| Ancient of Wonders | 1 | 90 | / | 30 |
| Tree of Life | 2 | 680 | / | 370 |
| Ancient of Wind | 1 | 150 | / | 140 |
| Tree of Ages | 1 | 320 | / | 180 |
| Tree of Eternity | 1 | 330 | / | 200 |
| total: | 16 | 2960g | / | 1210w |
| 0:04 | Wisp |
| 0:12 | Wisp |
| 0:23 | Altar of Elders |
| 0:26 | Wisp |
| 0:27 | Wisp |
| 0:27 | Wisp |
| 0:42 | Moon Well |
| 0:47 | Wisp |
| 1:01 | Ancient of War |
| 1:05 | Wisp |
| 1:05 | Wisp |
| 1:21 | Wisp |
| 1:37 | Moon Well |
| 1:43 | Wisp |
| 1:43 | Wisp |
| 1:43 | Wisp |
| 2:03 | Moon Well |
| 2:07 | Archer |
| 2:33 | Searing Arrows |
| 2:42 | Moon Well |
| 2:43 | Wisp |
| 2:43 | Wisp |
| 2:48 | Archer |
| 3:06 | Moon Well |
| 3:19 | Archer |
| 3:19 | Archer |
| 3:38 | Hunter's Hall |
| 3:55 | Archer |
| 4:15 | Ancient of Wonders |
| 4:17 | Archer |
| 4:37 | Archer |
| 4:37 | Archer |
| 5:07 | Trueshot Aura |
| 5:12 | Tree of Ages |
| 5:19 | Archer |
| 6:32 | Tree of Life |
| 6:41 | Archer |
| 6:41 | Archer |
| 6:41 | Archer |
| 6:41 | Archer |
| 6:45 | Strength of the Moon |
| 7:05 | Moon Well |
| 7:58 | Trueshot Aura |
| 8:14 | Ancient Protector |
| 8:58 | Tree of Life |
| 9:12 | Improved Bows |
| 9:15 | Wisp |
| 9:16 | Wisp |
| 9:20 | Ancient of War |
| 9:23 | Ancient of Wind |
| 9:28 | Archer |
| 9:29 | Archer |
| 9:29 | Archer |
| 9:40 | Wisp |
| 9:40 | Wisp |
| 9:40 | Wisp |
| 9:40 | Wisp |
| 9:51 | Improved Strength of the Moon |
| 9:54 | Archer |
| 10:45 | Archer |
| 10:45 | Archer |
| 10:54 | Hippogryph |
| 11:30 | Archer |
| 11:35 | Hippogryph |
| 12:10 | Hippogryph |
| 12:12 | Archer |
| 13:03 | Wisp |
| 13:03 | Wisp |
| 13:03 | Wisp |
| 13:06 | Archer |
| 13:15 | Searing Arrows |
| 13:30 | Ancient Protector |
| 13:33 | Hippogryph |
| 13:35 | Archer |
| 13:47 | Hippogryph |
| 13:55 | Wisp |
| 13:55 | Wisp |
| 15:04 | Archer |
| 15:04 | Archer |
| 15:04 | Archer |
| 15:04 | Archer |
| 15:17 | Trueshot Aura |
| 15:51 | Hippogryph |
| 15:53 | Tree of Eternity |
| 15:55 | Archer |
| 16:38 | Archer |
| 16:38 | Archer |
| 17:12 | Starfall |
| 17:53 | Archer |
| 17:53 | Archer |
| 17:53 | Archer |
| 17:54 | Archer |
| 17:54 | Archer |
| Right click | 571 |
| Select | 303 |
| Build/train/purchase | 83 |
| Use ability | 8 |
| Remove unit | 4 |
| Minimap ping | 2 |


| Peon | 9 | 675 | / | 0 |
| Grunt | 7 | 1400 | / | 0 |
| Troll Headhunter | 3 | 420 | / | 60 |
| Demolisher | 2 | 440 | / | 100 |
| Troll Berserker | 2 | 280 | / | 40 |
| Shaman | 5 | 650 | / | 100 |
| Troll Witch Doctor | 1 | 145 | / | 25 |
| total: | 29 | 4010g | / | 325w |
| Altar of Storms | 1 | 180 | / | 50 |
| Orc Burrow | 6 | 960 | / | 240 |
| Barracks | 3 | 540 | / | 150 |
| Voodoo Lounge | 1 | 130 | / | 30 |
| War Mill | 1 | 205 | / | 0 |
| Spirit Lodge | 1 | 150 | / | 150 |
| Stronghold | 1 | 315 | / | 190 |
| Fortress | 1 | 325 | / | 190 |
| total: | 13 | 2165g | / | 620w |
| 0:09 | Peon |
| 0:09 | Peon |
| 0:09 | Peon |
| 0:18 | Altar of Storms |
| 0:21 | Orc Burrow |
| 0:48 | Peon |
| 1:03 | Peon |
| 1:28 | Orc Burrow |
| 1:33 | Barracks |
| 1:35 | Peon |
| 1:44 | Peon |
| 1:47 | Voodoo Lounge |
| 2:10 | War Mill |
| 2:16 | Peon |
| 2:19 | Feral Spirit |
| 2:42 | Grunt |
| 3:04 | Peon |
| 3:19 | Stronghold |
| 3:45 | Grunt |
| 4:12 | Troll Headhunter |
| 4:20 | Chain Lighting |
| 4:37 | Grunt |
| 5:15 | Orc Burrow |
| 5:18 | Steel Ranged Weapons |
| 5:43 | Spirit Lodge |
| 5:51 | Berserker Strength |
| 5:56 | Barracks |
| 6:16 | Fortress |
| 6:41 | Grunt |
| 6:45 | Steel Melee Weapons |
| 7:09 | Grunt |
| 7:33 | Feral Spirit |
| 7:45 | Orc Burrow |
| 7:50 | Healing Wave |
| 8:20 | Troll Headhunter |
| 8:24 | Chain Lighting |
| 8:34 | Hex |
| 8:49 | Troll Headhunter |
| 8:50 | Shaman Adept Training |
| 9:01 | Orc Burrow |
| 9:04 | Thorium Ranged Weapons |
| 9:06 | Thorium Melee Weapons |
| 9:18 | Barracks |
| 9:19 | Berserker Upgrade |
| 9:21 | Grunt |
| 10:04 | Troll Regeneration |
| 10:22 | Demolisher |
| 10:39 | Shaman Master Training |
| 11:15 | Troll Berserker |
| 11:15 | Shaman |
| 11:43 | Shaman |
| 11:51 | Burning Oil |
| 12:08 | Grunt |
| 12:46 | Troll Witch Doctor |
| 12:59 | Shaman |
| 13:02 | Shaman |
| 13:54 | Hex |
| 14:33 | Troll Berserker |
| 14:43 | Chain Lighting |
| 15:23 | Healing Wave |
| 15:25 | Shaman |
| 16:16 | Earth Quake |
| 17:02 | Healing Wave |
| 17:42 | Demolisher |
| 18:28 | Arcanite Ranged Weapons |
| 18:34 | Orc Burrow |
| Select group | 485 |
| Right click | 304 |
| Select | 162 |
| Misc. action | 89 |
| Build/train/purchase | 70 |
| Assign group | 39 |
| Use ability | 16 |
| Minimap ping | 12 |
| Esc | 3 |
| Remove unit | 1 |

| Peasant | 18 | 1350 | / | 0 |
| Footman | 12 | 1620 | / | 0 |
| Rifleman | 10 | 2050 | / | 300 |
| Priest | 7 | 945 | / | 70 |
| Sorceress | 6 | 930 | / | 120 |
| total: | 53 | 6895g | / | 490w |
| Scout Tower | 10 | 300 | / | 200 |
| Guard Tower | 8 | 560 | / | 400 |
| Arcane Tower | 2 | 140 | / | 100 |
| Altar of Kings | 2 | 360 | / | 100 |
| Barracks | 2 | 320 | / | 120 |
| Farm | 17 | 1360 | / | 340 |
| Lumber Mill | 1 | 120 | / | 0 |
| Blacksmith | 1 | 140 | / | 60 |
| Town Hall | 2 | 770 | / | 410 |
| Arcane Vault | 1 | 130 | / | 30 |
| Arcane Sanctum | 1 | 150 | / | 140 |
| Keep | 1 | 320 | / | 210 |
| Castle | 1 | 360 | / | 210 |
| total: | 37 | 3650g | / | 1400w |
| 0:02 | Peasant |
| 0:03 | Peasant |
| 0:13 | Altar of Kings |
| 0:19 | Altar of Kings |
| 0:23 | Barracks |
| 0:32 | Farm |
| 0:34 | Peasant |
| 0:49 | Peasant |
| 1:12 | Lumber Mill |
| 1:17 | Farm |
| 1:25 | Farm |
| 1:33 | Footman |
| 1:33 | Footman |
| 1:42 | Peasant |
| 1:42 | Peasant |
| 2:02 | Scout Tower |
| 2:11 | Scout Tower |
| 2:15 | Peasant |
| 2:16 | Footman |
| 2:32 | Summon Water Elemental |
| 2:36 | Farm |
| 2:37 | Guard Tower |
| 2:43 | Farm |
| 2:44 | Peasant |
| 2:48 | Summon Water Elemental |
| 3:04 | Arcane Tower |
| 3:07 | Improved Lumber Harvesting |
| 3:44 | Brilliance Aura |
| 3:57 | Blacksmith |
| 3:58 | Peasant |
| 3:59 | Footman |
| 4:27 | Keep |
| 4:30 | Scout Tower |
| 4:34 | Footman |
| 4:35 | Footman |
| 5:05 | Town Hall |
| 5:21 | Rifleman |
| 5:38 | Arcane Vault |
| 5:42 | Farm |
| 5:44 | Guard Tower |
| 5:58 | Scout Tower |
| 6:29 | Farm |
| 6:33 | Rifleman |
| 6:52 | Arcane Sanctum |
| 6:55 | Scout Tower |
| 6:56 | Guard Tower |
| 7:01 | Summon Water Elemental |
| 8:00 | Scout Tower |
| 8:01 | Guard Tower |
| 8:08 | Footman |
| 8:08 | Footman |
| 8:08 | Footman |
| 8:09 | Footman |
| 8:09 | Footman |
| 8:09 | Footman |
| 8:26 | Scout Tower |
| 8:36 | Blizzard |
| 9:09 | Guard Tower |
| 9:12 | Scout Tower |
| 9:15 | Guard Tower |
| 9:18 | Peasant |
| 9:18 | Peasant |
| 9:19 | Peasant |
| 9:19 | Peasant |
| 9:24 | Farm |
| 9:29 | Priest |
| 9:29 | Priest |
| 9:29 | Priest |
| 9:31 | Sorceress |
| 9:31 | Sorceress |
| 9:38 | Black Gunpowder |
| 9:49 | Farm |
| 9:50 | Arcane Tower |
| 10:38 | Farm |
| 10:48 | Long Rifles |
| 10:49 | Rifleman |
| 10:49 | Rifleman |
| 10:54 | Barracks |
| 10:56 | Scout Tower |
| 11:08 | Castle |
| 11:11 | Improved Masonry |
| 11:12 | Advanced Lumber Harvesting |
| 11:45 | Farm |
| 12:09 | Guard Tower |
| 12:13 | Farm |
| 12:44 | Rifleman |
| 12:45 | Rifleman |
| 12:47 | Refined Gunpowder |
| 12:48 | Studded Leather Armor |
| 12:50 | Priest |
| 12:51 | Priest |
| 12:51 | Sorceress |
| 12:51 | Sorceress |
| 13:12 | Farm |
| 13:27 | Rifleman |
| 13:41 | Farm |
| 13:45 | Priest Adept Training |
| 13:46 | Sorceress Adept Training |
| 14:45 | Blizzard |
| 15:20 | Rifleman |
| 15:21 | Rifleman |
| 15:23 | Imbued Gunpowder |
| 15:29 | Scout Tower |
| 15:31 | Farm |
| 15:45 | Peasant |
| 15:49 | Farm |
| 16:11 | Farm |
| 16:41 | Town Hall |
| 16:49 | Guard Tower |
| 17:00 | Rifleman |
| 17:11 | Priest |
| 17:11 | Priest |
| 17:14 | Sorceress |
| 17:14 | Sorceress |
| 17:40 | Peasant |
| 17:40 | Peasant |
| 17:41 | Peasant |
| 17:41 | Peasant |
| 17:48 | Reinforced Leather Armor |
| 18:05 | Mass Teleport |
| Right click | 339 |
| Select | 269 |
| Build/train/purchase | 109 |
| Select group | 87 |
| Assign group | 33 |
| Misc. action | 26 |
| Use ability | 7 |
| Resource trade | 5 |
| Minimap ping | 2 |
| Item give/drop | 1 |
| Remove unit | 1 |
84 units @ 12.8k
/ 1.3k
39 buildings @ 6.7k
/ 2.7k

| Potion of Healing | 5 | 750 |
| Potion of Mana | 1 | 200 |
| Scroll of Town Portal | 1 | 350 |
| Scroll of Speed | 1 | 50 |
| Orb of Lightning | 1 | 375 |
| total: | 9 | 1725g |
| Acolyte | 3 | 225 | / | 0 |
| Ghoul | 8 | 960 | / | 0 |
| Crypt Fiend | 5 | 1075 | / | 200 |
| Necromancer | 6 | 870 | / | 120 |
| Meat Wagon | 5 | 1150 | / | 250 |
| Abomination | 1 | 240 | / | 70 |
| total: | 28 | 4520g | / | 640w |
| Altar of Darkness | 1 | 180 | / | 50 |
| Ziggurat | 5 | 750 | / | 250 |
| Crypt | 1 | 200 | / | 50 |
| Graveyard | 1 | 215 | / | 0 |
| Tomb of Relics | 1 | 130 | / | 30 |
| Temple of the Damned | 2 | 310 | / | 280 |
| Slaughterhouse | 3 | 420 | / | 405 |
| Halls of the Dead | 1 | 320 | / | 210 |
| Black Citadel | 1 | 325 | / | 230 |
| total: | 14 | 2205g | / | 1065w |
| 0:12 | Acolyte |
| 0:12 | Acolyte |
| 0:17 | Altar of Darkness |
| 0:20 | Ziggurat |
| 0:46 | Crypt |
| 1:09 | Ziggurat |
| 1:34 | Acolyte |
| 1:48 | Ghoul |
| 2:06 | Ghoul |
| 2:12 | Graveyard |
| 2:41 | Ghoul |
| 2:53 | Ghoul |
| 3:34 | Ghoul |
| 3:38 | Black Arrow |
| 3:59 | Crypt Fiend |
| 4:18 | Halls of the Dead |
| 5:11 | Crypt Fiend |
| 5:13 | Ziggurat |
| 5:28 | Crypt Fiend |
| 5:52 | Unholy Armor |
| 6:19 | Life Drain |
| 6:28 | Crypt Fiend |
| 6:58 | Temple of the Damned |
| 7:01 | Slaughterhouse |
| 7:03 | Ghoul |
| 7:03 | Ghoul |
| 7:03 | Ghoul |
| 7:08 | Slaughterhouse |
| 7:11 | Temple of the Damned |
| 7:38 | Black Arrow |
| 8:48 | Crypt Fiend |
| 8:49 | Web |
| 8:51 | Necromancer Adept Training |
| 8:51 | Necromancer |
| 8:54 | Exhume Corpses |
| 8:54 | Meat Wagon |
| 9:00 | Ziggurat |
| 9:04 | Unholy Strength |
| 9:10 | Tomb of Relics |
| 10:02 | Necromancer |
| 10:04 | Meat Wagon |
| 12:17 | Black Citadel |
| 12:20 | Ziggurat |
| 13:14 | Meat Wagon |
| 13:15 | Meat Wagon |
| 13:17 | Necromancer |
| 13:18 | Skeletal Mastery |
| 13:29 | Life Drain |
| 13:31 | Scroll of Town Portal |
| 13:33 | Potion of Healing |
| 13:35 | Scroll of Speed |
| 14:01 | Meat Wagon |
| 15:49 | Black Arrow |
| 15:57 | Abomination |
| 15:59 | Potion of Healing |
| 16:03 | Slaughterhouse |
| 16:09 | Necromancer Master Training |
| 16:10 | Necromancer |
| 16:11 | Necromancer |
| 16:18 | Potion of Healing |
| 18:02 | Necromancer |
| 18:11 | Potion of Healing |
| 18:11 | Potion of Mana |
| 18:11 | Orb of Lightning |
| 18:37 | Potion of Healing |
| Right click | 716 |
| Select | 249 |
| Build/train/purchase | 85 |
| Select group | 79 |
| Chat | 78 |
| Assign group | 24 |
| Use ability | 20 |
| Misc. action | 5 |
| Minimap ping | 1 |


| Orb of Lightning | 2 | 750 |
| Scroll of Speed | 1 | 50 |
| Potion of Healing | 1 | 150 |
| Scroll of Town Portal | 1 | 350 |
| total: | 5 | 1300g |
| Peon | 15 | 1125 | / | 0 |
| Troll Headhunter | 9 | 1260 | / | 180 |
| Demolisher | 1 | 220 | / | 50 |
| Kodo Beast | 1 | 255 | / | 60 |
| Wind Rider | 2 | 530 | / | 80 |
| total: | 28 | 3390g | / | 370w |
| Watch Tower | 1 | 110 | / | 80 |
| Altar of Storms | 1 | 180 | / | 50 |
| Orc Burrow | 6 | 960 | / | 240 |
| War Mill | 1 | 205 | / | 0 |
| Barracks | 1 | 180 | / | 50 |
| Voodoo Lounge | 1 | 130 | / | 30 |
| Great Hall | 2 | 770 | / | 370 |
| Beastiary | 1 | 145 | / | 140 |
| Stronghold | 1 | 315 | / | 190 |
| Fortress | 1 | 325 | / | 190 |
| total: | 14 | 2680g | / | 960w |
| 0:02 | Peon |
| 0:02 | Peon |
| 0:03 | Peon |
| 0:03 | Peon |
| 0:20 | Altar of Storms |
| 0:29 | Peon |
| 0:37 | Orc Burrow |
| 0:46 | Peon |
| 0:53 | War Mill |
| 1:07 | Barracks |
| 1:15 | Peon |
| 1:32 | Peon |
| 1:42 | Peon |
| 1:52 | Voodoo Lounge |
| 1:56 | Peon |
| 2:05 | Orc Burrow |
| 2:11 | Troll Headhunter |
| 2:22 | Peon |
| 2:45 | Wind Walk |
| 3:10 | Watch Tower |
| 3:25 | Troll Headhunter |
| 3:25 | Troll Headhunter |
| 3:40 | Troll Headhunter |
| 4:58 | Critical Strike |
| 5:03 | Great Hall |
| 5:10 | Stronghold |
| 5:11 | Steel Ranged Weapons |
| 5:12 | Steel Armor |
| 5:13 | Troll Headhunter |
| 5:26 | Orc Burrow |
| 5:36 | Troll Headhunter |
| 6:13 | Spiked Barricades |
| 6:21 | Orc Burrow |
| 6:51 | Troll Headhunter |
| 7:23 | Wind Walk |
| 7:43 | Fortress |
| 8:38 | Troll Headhunter |
| 8:39 | Troll Regeneration |
| 8:39 | Demolisher |
| 8:41 | Beastiary |
| 8:46 | Endurance Aura |
| 8:53 | Reinforced Defenses |
| 9:01 | Peon |
| 9:01 | Peon |
| 9:02 | Peon |
| 9:02 | Peon |
| 10:07 | Kodo Beast |
| 10:08 | War Drums Damage Increase |
| 10:09 | Thorium Ranged Weapons |
| 11:36 | Berserker Upgrade |
| 11:37 | Troll Headhunter |
| 11:39 | Wind Rider |
| 11:39 | Wind Rider |
| 12:22 | Orb of Lightning |
| 12:23 | Scroll of Speed |
| 12:37 | Great Hall |
| 13:04 | War Stomp |
| 13:22 | Envenomed Spears |
| 13:25 | Orc Burrow |
| 13:46 | Critical Strike |
| 14:47 | Orc Burrow |
| 14:57 | Scroll of Town Portal |
| 15:50 | Orb of Lightning |
| 15:50 | Potion of Healing |
| Select group | 1913 |
| Right click | 1294 |
| Select | 441 |
| Build/train/purchase | 70 |
| Assign group | 22 |
| Chat | 17 |
| Use ability | 14 |
| Remove unit | 2 |
| Item give/drop | 1 |
| Esc | 1 |



| Peon | 7 | 525 | / | 0 |
| Grunt | 16 | 3200 | / | 0 |
| Tauren | 3 | 840 | / | 240 |
| Troll Witch Doctor | 2 | 290 | / | 50 |
| total: | 28 | 4855g | / | 290w |
| Altar of Storms | 1 | 180 | / | 50 |
| Orc Burrow | 5 | 800 | / | 200 |
| Barracks | 1 | 180 | / | 50 |
| War Mill | 1 | 205 | / | 0 |
| Voodoo Lounge | 1 | 130 | / | 30 |
| Spirit Lodge | 1 | 150 | / | 150 |
| Tauren Totem | 1 | 135 | / | 155 |
| Stronghold | 1 | 315 | / | 190 |
| Fortress | 1 | 325 | / | 190 |
| total: | 11 | 1780g | / | 635w |
| 0:03 | Altar of Storms |
| 0:07 | Peon |
| 0:07 | Peon |
| 0:07 | Peon |
| 0:27 | Orc Burrow |
| 0:40 | Peon |
| 0:55 | Barracks |
| 1:05 | Peon |
| 1:22 | Orc Burrow |
| 1:29 | Peon |
| 1:53 | War Mill |
| 2:27 | Grunt |
| 2:34 | Grunt |
| 2:52 | Black Arrow |
| 2:56 | Peon |
| 3:02 | Voodoo Lounge |
| 3:07 | Orc Burrow |
| 3:24 | Grunt |
| 3:57 | Grunt |
| 3:59 | Steel Armor |
| 4:40 | Grunt |
| 4:44 | Steel Melee Weapons |
| 4:53 | Orc Burrow |
| 5:07 | Silence |
| 5:11 | Grunt |
| 5:32 | Stronghold |
| 5:54 | Grunt |
| 6:15 | Grunt |
| 7:01 | Grunt |
| 7:06 | Grunt |
| 7:45 | Black Arrow |
| 8:25 | Berserker Strength |
| 8:25 | Grunt |
| 8:27 | Fortress |
| 9:00 | Grunt |
| 9:11 | Grunt |
| 9:30 | Feral Spirit |
| 9:32 | Grunt |
| 10:44 | Spirit Lodge |
| 10:48 | Tauren Totem |
| 10:51 | Grunt |
| 11:52 | Orc Burrow |
| 12:00 | Witch Doctor Adept Training |
| 12:03 | Tauren |
| 12:46 | Life Drain |
| 13:03 | Witch Doctor Master Training |
| 13:04 | Troll Witch Doctor |
| 13:04 | Troll Witch Doctor |
| 13:07 | Grunt |
| 13:27 | Healing Wave |
| 13:34 | Tauren |
| 14:07 | Tauren |
| 14:38 | Chain Lighting |
| Right click | 588 |
| Select | 190 |
| Build/train/purchase | 58 |
| Chat | 45 |
| Misc. action | 18 |
| Use ability | 11 |
| Minimap ping | 2 |
⇛